Map: Neon Violet Square LE

Players

MasterChew

  • Race: Protoss Protoss
  • League: Silver
  • Spawn Location: 11:00

Infamous - Winner!

  • Race: Protoss Protoss
  • League: Silver
  • Spawn Location: 5:00

VOD

Have the link to the VOD?

Description

Time

  • Played on: March 20, 2018, 8:56 a.m.
  • Length: 10:37
Show
View Real Time Build Order
Export as new Build Order

MasterChew Protoss 

Build Orders:  

Get SALT Encoding   

  12  0:13  Pylon  
  12  0:21  Probe  
  13  0:33  Probe  
  14  0:35  Assimilator  
  14  0:45  Probe  
  14  0:48  Gateway  
  15  0:57  Probe  
  16  1:13  Forge  
  16  1:22  Probe  
  17  1:25  Assimilator  
  17  1:40  Zealot (Chrono Boost)  
  19  2:02  Cybernetics Core  
  19  2:18  Photon Cannon  
  19  2:32  Pylon  
  19  2:38  Zealot  
  19  2:40  Pylon  
  20  2:45  Pylon  
  20  2:54  Probe (Chrono Boost)  
  21  3:04  Probe (Chrono Boost)  
  22  3:09  Probe (Chrono Boost)  
  23  3:20  Stargate  
  23  3:21  Probe (Chrono Boost)  
  24  3:31  Stalker (Chrono Boost)  
  24  3:33  Probe (Chrono Boost)  
  27  3:38  Probe (Chrono Boost)  
  28  3:50  Protoss Shields Level 1  
  28  3:58  Stalker (Chrono Boost)  
  30  4:08  Oracle  
  33  5:26  Stalker  
  35  5:28  Probe  
  35  5:34  Nexus  
  36  5:51  Nexus  
  36  5:56  Stalker  
  35  6:25  Stargate  
  35  6:26  Stalker  
  35  6:27  Stargate  
  35  6:29  Stargate  
  35  6:31  Fleet Beacon  
  37  6:45  Probe  
  37  6:46  Probe  
  39  6:57  Probe  
  39  6:58  Probe  
  41  7:09  Probe  
  42  7:17  Protoss Ground Weapons Level 1  
  42  7:21  Probe  
  41  7:33  Probe  
  37  8:04  Phoenix x2 (Chrono Boost)  
  37  8:05  Phoenix x2 (Chrono Boost)  
  45  8:16  Probe  
  46  8:54  Probe  
  47  9:00  Assimilator  
  47  9:03  Assimilator  
  47  9:06  Probe x2  
  47  9:08  Assimilator  
  49  9:18  Probe x2  
  51  9:29  Void Ray (Chrono Boost)  
  51  9:30  Probe  
  55  9:42  Probe  
  56  9:48  Phoenix x2 (Chrono Boost)  
Show
View Real Time Build Order
Export as new Build Order

Infamous Protoss - Winner!

Build Orders:  

Get SALT Encoding   

  12  0:01  Probe  
  13  0:15  Pylon  
  13  0:18  Probe  
  14  0:30  Probe  
  15  0:43  Gateway  
  15  0:49  Probe (Chrono Boost)  
  16  0:59  Probe (Chrono Boost)  
  16  1:00  Assimilator  
  17  1:04  Probe (Chrono Boost)  
  18  1:16  Probe  
  19  1:31  Gateway  
  19  1:35  Cybernetics Core  
  19  1:36  Probe  
  20  1:52  Probe  
  21  1:56  Zealot  
  21  2:00  Pylon  
  23  2:11  Warp Gate (Chrono Boost)  
  23  2:18  Probe  
  23  2:47  Gateway  
  23  2:50  Gateway  
  23  2:52  Gateway  
  23  2:56  Probe (Chrono Boost)  
  23  2:58  Nexus  
  24  3:07  Assimilator  
  24  3:08  Probe (Chrono Boost)  
  25  3:15  Pylon  
  25  3:24  Probe  
  26  3:33  Stargate  
  26  3:36  Probe  
  27  3:58  Probe  
  28  4:09  Pylon, Stalker x2  
  32  4:10  Stalker  
  32  4:11  Sentry  
  32  4:12  Pylon, Sentry  
  32  4:14  Probe (Chrono Boost)  
  40  4:19  Probe (Chrono Boost)  
  40  4:36  Phoenix (Chrono Boost)  
  42  4:48  Probe x2  
  44  4:53  Sentry  
  44  4:55  Zealot  
  44  4:56  Zealot x2  
  44  4:58  Zealot  
  54  5:00  Probe x2  
  56  5:10  Shield Battery  
  56  5:14  Pylon  
  56  5:15  Probe x2  
  56  5:18  Stalker  
  56  5:20  Sentry  
  62  5:30  Probe  
  62  5:32  Probe  
  62  5:33  Phoenix (Chrono Boost)  
  66  5:48  Forge  
  66  6:02  Phoenix  
  68  6:09  Stalker  
  70  6:11  Zealot x4  
  70  6:18  Shield Battery  
  78  6:28  Twilight Council  
  78  6:40  Assimilator  
  78  6:45  Assimilator  
  78  6:49  Robotics Facility  
  78  6:58  Pylon, Protoss Ground Weapons Level 1 (Chrono Boost)  
  78  7:11  Pylon  
  78  7:16  Probe x2  
  78  7:17  Zealot  
  78  7:18  Zealot x2  
  86  7:48  Probe x2  
  88  8:03  Stalker  
  88  8:04  Stalker x3  
  94  8:23  Nexus  
  94  8:24  Pylon  
  94  8:27  Pylon  
  94  8:42  Void Ray  
  98  8:52  Pylon  
  98  8:56  Pylon, Gateway x2  
  98  8:58  Templar Archives  
  98  8:59  Gateway  
  98  9:01  Gateway  
  98  9:06  Forge, Stalker x2  
  98  9:07  Stalker x2  
  98  9:08  Stalker  
  108  9:18  Probe x2  
  110  9:24  Photon Cannon  
  110  9:29  Photon Cannon  
  110  9:35  Photon Cannon  
  110  9:36  Photon Cannon  
  110  9:42  Photon Cannon  
  110  9:44  Probe x2  
  112  9:49  Immortal  
  104  10:33  Stalker x5  
  104  10:34  Stalker x3  
Tags
 
Add a new tag
Caveats
  • Supply blocks, unpowered buildings, or Contaminate may cause inaccurate times.
  • Supply counts are checked every 10 seconds.